Bruins vs Blues
(R1)
Created - 11 février 2017 at 22:26
Goals
|
Bruins |
0 |
1 |
2 |
3 |
Blues |
1 |
1 |
2 |
4 |
|
Shots
|
Bruins |
11 |
6 |
26 |
43 |
Blues |
10 |
13 |
4 |
27 |
|
1st period
1. Blues , Joe Pavelski 21 (Travis Zajac, Jake Gardiner) at 4:08
Penalties :
Taylor Hall (STL) for Hooking (Minor) at 6:26, Bryce Lampman (STL) for Tripping (Minor) at 8:51
2nd period
2. Blues , Kevin Porter 3 (Drew Fata, Tomas Kopecky) at 14:02
3. Bruins , Adam Pineault 2 (Daniel Sedin, Chris Kelly) at 18:50
Penalties :
Alex Pietrangelo (STL) for Hooking (Minor) at 0:38, Matt Cooke (Bos) for Hooking (Minor) at 6:24, Nik Antropov (STL) for Hooking (Minor) at 8:41, Joe Pavelski (STL) for Holding (Minor) at 19:57
3rd period
4. Bruins , Jonathan Sigalet 1 (Henrik Sedin, Wojtek Wolski) at 2:05 (PP)
5. Blues , Nicklas Backstrom 18 (Jake Gardiner) at 4:36
6. Blues , David Perron 27 (Drew Fata) at 5:10
7. Bruins , Daniel Sedin 17 (Chris Kelly, Adam Pineault) at 17:34 (PP)
Penalties :
Nik Antropov (STL) for Hooking (Minor) at 0:22, Taylor Pyatt (STL) for Interference (Minor) at 13:21, Kevin Porter (STL) for Hooking (Minor) at 16:55, Darren Reid (STL) for Hooking (Minor) at 17:37, Sergei Shirokov (STL) for Tripping (Minor) at 19:26
Goalie Stats
Karri Ramo (Bos), 23 saves from 27 shots - (0,852), L, 6-6-1, 59:40 minutes
Jeff Deslauriers (STL), 40 saves from 43 shots - (0,930), W, 5-3-1, 60:00 minutes
Players Stats for Bruins
Player Name G A P +/- PIM S H SB GA TA FO MP PP MP PK MP
------------------------------------------------------------------------------------
Adam Pineault 1 1 2 0 0 6 1 0 2 1 0/2 20:24 6:16 0:00
Andrew Alberts 0 0 0 -1 0 4 1 2 0 0 0/0 28:11 9:04 1:15
Chris Kelly 0 2 2 0 0 5 2 0 1 0 3/12 20:53 6:16 0:28
Curtis Glencross 0 0 0 0 0 0 0 0 0 0 1/1 2:56 0:09 0:28
Daniel Sedin 1 1 2 0 0 4 3 0 0 0 0/0 20:48 6:16 0:24
Dave Bolland 0 0 0 0 0 2 1 0 0 0 0/1 11:06 0:00 0:00
Erik Condra 0 0 0 0 0 2 1 0 0 1 0/0 11:06 0:00 0:00
Henrik Sedin 0 1 1 -3 0 3 1 1 1 0 12/30 25:28 8:46 1:07
Jason Demers 0 0 0 -1 0 3 0 1 0 0 0/0 27:57 8:57 1:15
Jonathan Sigalet 1 0 1 -1 0 1 3 1 0 0 0/0 21:06 6:00 0:44
Justin Falk 0 0 0 -1 0 1 0 2 0 0 0/0 10:43 0:00 0:00
Kris Chucko 0 0 0 0 0 0 0 0 0 0 0/0 1:57 0:02 0:00
Mark Stuart 0 0 0 -1 0 0 0 0 0 0 0/0 21:06 6:00 0:44
Matt Cooke 0 0 0 0 2 3 1 1 0 0 1/1 11:23 0:00 0:00
Nate Prosser 0 0 0 -1 0 0 0 0 0 0 0/0 10:57 0:07 0:00
Victor Oreskovich 0 0 0 -2 0 3 1 0 0 0 3/3 21:49 8:41 0:24
Viktor Stalberg 0 0 0 -1 0 0 0 0 1 0 0/0 4:41 0:00 0:00
Wojtek Wolski 0 1 1 -3 0 6 0 2 1 0 3/3 25:29 8:46 1:07
Players Stats for Blues
Player Name G A P +/- PIM S H SB GA TA FO MP PP MP PK MP
------------------------------------------------------------------------------------
Alex Pietrangelo 0 0 0 -1 2 1 1 2 1 0 0/0 18:08 1:24 0:00
Bryce Lampman 0 0 0 -1 2 2 1 0 0 0 0/0 25:18 0:35 6:42
Darren Reid 0 0 0 0 2 0 1 0 0 1 0/0 9:22 0:00 0:14
David Perron 1 0 1 1 0 1 2 0 0 2 0/0 14:14 0:53 0:54
Drew Fata 0 2 2 2 0 2 1 0 0 0 0/0 19:36 0:00 7:18
Jake Gardiner 0 2 2 2 0 4 1 2 0 1 0/0 18:03 1:24 1:42
Joe Pavelski 1 0 1 1 2 3 2 0 0 0 0/1 13:42 1:06 0:09
Kevin Porter 1 0 1 1 2 2 1 1 0 0 0/2 7:49 0:00 0:43
Nicklas Backstrom 1 0 1 1 0 3 1 0 0 0 16/24 18:19 1:06 3:21
Nik Antropov 0 0 0 0 4 1 1 0 0 1 6/14 16:02 0:00 6:50
Paul Kariya 0 0 0 1 0 1 1 0 0 0 0/0 7:07 0:00 0:00
Sergei Shirokov 0 0 0 1 2 0 2 0 0 0 1/1 17:53 0:53 2:51
Steve McCarthy 0 0 0 2 0 0 1 0 0 1 0/0 15:38 0:00 5:40
Taylor Hall 0 0 0 1 2 2 0 0 1 0 2/4 17:43 1:06 2:45
Taylor Pyatt 0 0 0 0 2 3 0 0 0 0 1/3 17:00 0:00 7:34
Tomas Kopecky 0 1 1 1 0 0 0 0 0 0 0/0 7:07 0:00 0:00
Travis Hamonic 0 0 0 2 0 0 3 2 0 0 0/0 23:19 0:35 8:46
Travis Zajac 0 1 1 1 0 2 0 1 0 0 4/4 16:42 0:53 3:01
3 Stars
1 - Daniel Sedin (Bos)
2 - Jake Gardiner (STL)
3 - Drew Fata (STL)
Power Play
Bruins - 2 on 10 Attempt(s) - 20,00%
Blues - 0 on 1 Attempt(s) - 0,00%
Penalty Kill
Bruins - 1 on 1 Attempt(s) - 100,00%
- Score 0 goal in Penalty Kill
Blues - 8 on 10 Attempt(s) - 80,00%
- Score 0 goal in Penalty Kill
Team Stat
Bruins - Hits : 15 - Faceoff Wins : 23 - Blocked Shots : 10 - Penalty Minutes : 2
Blues - Hits : 19 - Faceoff Wins : 30 - Blocked Shots : 8 - Penalty Minutes : 20
Official
Referees : Leggo Mike and Pollock Kevin
Linesman : Pierre Champoux and Jonny Murray
Game Notes
No Game Note
Finance
Level 1 -- Attendance: 5609 (93,48%) -- Ticket Income 471 156 $
Level 2 -- Attendance: 4776 (95,52%) -- Ticket Income 248 352 $
Level 3 -- Attendance: 2000 (100,00%) -- Ticket Income 60 000 $
Level 4 -- Attendance: 4000 (100,00%) -- Ticket Income 76 000 $
Luxury Box -- Attendance: 752 (75,20%) -- Ticket Income 127 088 $
Game was played at the Scotttrade center.
Total Attendance: 17137 (95,21%)
Total Ticket Income: 982 596 $
Other Income: 147 389 $
Total Income: 1 129 985 $
Bruins
5 vs 5 Forward
Center Left Wing Right Wing Time % Phy DF OF
1 Henrik Sedin Wojtek Wolski Victor Oreskovich 40 1 2 2
2 Chris Kelly Daniel Sedin Adam Pineault 30 1 2 2
3 Dave Bolland Matt Cooke Erik Condra 20 1 2 2
4 Wojtek Wolski Viktor Stalberg Henrik Sedin 10 1 2 2
5 vs 5 Defense
Defense Defense Time % Phy DF OF
1 Jason Demers Andrew Alberts 40 1 2 2
2 Mark Stuart Jonathan Sigalet 30 1 2 2
3 Nate Prosser Justin Falk 20 1 2 2
4 Jason Demers Andrew Alberts 10 1 2 2
PowerPlay Forward
Center Left Wing Right Wing Time % Phy DF OF
1 Henrik Sedin Wojtek Wolski Victor Oreskovich 60 1 2 2
2 Chris Kelly Daniel Sedin Adam Pineault 40 1 2 2
PowerPlay Defense
Defense Defense Time % Phy DF OF
1 Jason Demers Andrew Alberts 60 1 2 2
2 Mark Stuart Jonathan Sigalet 40 1 2 2
Penalty Kill 4 Players Forward
Center Wing Time % Phy DF OF
1 Wojtek Wolski Henrik Sedin 60 1 2 2
2 Daniel Sedin Victor Oreskovich 40 1 2 2
Penalty Kill 4 Players Defense
Defense Defense Time % Phy DF OF
1 Jason Demers Andrew Alberts 60 1 2 2
2 Mark Stuart Jonathan Sigalet 40 1 2 2
Penalty Kill - 3 Players Forward
Forward Time % Phy DF OF
1 Wojtek Wolski 60 1 2 2
2 Henrik Sedin 40 1 2 2
Penalty Kill - 3 Players Defense
Defense Defense Time % Phy DF OF
1 Jason Demers Andrew Alberts 60 1 2 2
2 Mark Stuart Jonathan Sigalet 40 1 2 2
4 vs 4 Forward
Center Wing Time % Phy DF OF
1 Wojtek Wolski Henrik Sedin 60 1 2 2
2 Daniel Sedin Victor Oreskovich 40 1 2 2
4 vs 4 Defense
Defense Defense Time % Phy DF OF
1 Jason Demers Andrew Alberts 60 1 2 2
2 Mark Stuart Jonathan Sigalet 40 1 2 2
Last Minutes Offensive
Center Left Wing Right Wing Defense Defense
Henrik Sedin Wojtek Wolski Victor Oreskovich Jason Demers Andrew Alberts
Last Minutes Defensive
Center Left Wing Right Wing Defense Defense
Henrik Sedin Wojtek Wolski Victor Oreskovich Jason Demers Andrew Alberts
Goaltenders
Starting : Karri Ramo
Backup : Roberto Luongo
Extra Forwards
Normal : Curtis Glencross, Kris Chucko, Matt Cooke - PP : Curtis Glencross, Kris Chucko - PK : Matt Cooke
Extra Defensemen
Normal : Nate Prosser, Justin Falk, Mark Stuart - PP : Nate Prosser - PK : Justin Falk, Mark Stuart
Penalty Shots
Wojtek Wolski, Henrik Sedin, Daniel Sedin, Victor Oreskovich, Matt Cooke
Blues
5 vs 5 Forward
Center Left Wing Right Wing Time % Phy DF OF
1 Nicklas Backstrom Taylor Hall Sergei Shirokov 40 1 2 2
2 Travis Zajac David Perron Joe Pavelski 30 1 2 2
3 Nik Antropov Taylor Pyatt Darren Reid 20 1 2 2
4 Kevin Porter Paul Kariya Tomas Kopecky 10 1 2 2
5 vs 5 Defense
Defense Defense Time % Phy DF OF
1 Bryce Lampman Alex Pietrangelo 40 1 2 2
2 Travis Hamonic Jake Gardiner 30 1 2 2
3 Drew Fata Steve McCarthy 20 1 2 2
4 Jake Gardiner Drew Fata 10 1 2 2
PowerPlay Forward
Center Left Wing Right Wing Time % Phy DF OF
1 Nicklas Backstrom Taylor Hall Joe Pavelski 60 1 2 2
2 Travis Zajac David Perron Sergei Shirokov 40 1 2 2
PowerPlay Defense
Defense Defense Time % Phy DF OF
1 Jake Gardiner Alex Pietrangelo 60 1 2 2
2 Travis Hamonic Bryce Lampman 40 1 2 2
Penalty Kill 4 Players Forward
Center Wing Time % Phy DF OF
1 Nik Antropov Taylor Pyatt 60 1 2 2
2 Travis Zajac Sergei Shirokov 40 1 2 2
Penalty Kill 4 Players Defense
Defense Defense Time % Phy DF OF
1 Travis Hamonic Bryce Lampman 60 1 2 2
2 Steve McCarthy Drew Fata 40 1 2 2
Penalty Kill - 3 Players Forward
Forward Time % Phy DF OF
1 Nik Antropov 60 1 2 2
2 Taylor Pyatt 40 1 2 2
Penalty Kill - 3 Players Defense
Defense Defense Time % Phy DF OF
1 Travis Hamonic Drew Fata 60 1 2 2
2 Bryce Lampman Jake Gardiner 40 1 2 2
4 vs 4 Forward
Center Wing Time % Phy DF OF
1 Travis Zajac David Perron 60 1 2 2
2 Nicklas Backstrom Taylor Hall 40 1 2 2
4 vs 4 Defense
Defense Defense Time % Phy DF OF
1 Bryce Lampman Alex Pietrangelo 60 1 2 2
2 Drew Fata Jake Gardiner 40 1 2 2
Last Minutes Offensive
Center Left Wing Right Wing Defense Defense
Nicklas Backstrom David Perron Joe Pavelski Jake Gardiner Alex Pietrangelo
Last Minutes Defensive
Center Left Wing Right Wing Defense Defense
Nik Antropov David Perron Darren Reid Bryce Lampman Drew Fata
Goaltenders
Starting : Jeff Deslauriers
Backup : Tuukka Rask
Extra Forwards
Normal : Nicklas Backstrom, Sergei Shirokov, Tomas Kopecky - PP : Nicklas Backstrom, David Perron - PK : Taylor Pyatt
Extra Defensemen
Normal : Drew Fata, Steve McCarthy, Jake Gardiner - PP : Bryce Lampman - PK : Travis Hamonic, Jake Gardiner
Penalty Shots
David Perron, Joe Pavelski, Travis Zajac, Nik Antropov, Sergei Shirokov
% Time on Ice - Bruins
Lines # - Real PCT - Wanted PCT - Time Play
Normal Forward
1 - 30% - 40% - 12:45
2 - 34% - 30% - 14:25
3 - 26% - 20% - 11:06
4 - 11% - 10% - 4:41
Normal Defense
1 - 40% - 40% - 17:07
2 - 33% - 30% - 14:22
3 - 24% - 20% - 10:26
4 - 2% - 10% - 1:02
PP Forward
1 - 58% - 60% - 8:48
2 - 42% - 40% - 6:16
PP Defense
1 - 60% - 60% - 9:04
2 - 40% - 40% - 6:00
PK Forward
1 - 80% - 60% - 1:35
2 - 20% - 40% - 0:24
PK Defense
1 - 63% - 60% - 1:15
2 - 37% - 40% - 0:44
PK3 Forward
1 - 0% - 60%
2 - 0% - 40%
PK3 Defense
1 - 0% - 60%
2 - 0% - 40%
44 Forward
1 - 0% - 60%
2 - 0% - 40%
44 Defense
1 - 0% - 60%
2 - 0% - 40%
Last Minute Offensive - 0:00
Last Minute Defensive - 0:00
Total
Forward - 60:00
Defense - 60:00
|
% Time on Ice - Blues
Lines # - Real PCT - Wanted PCT - Time Play
Normal Forward
1 - 32% - 40% - 13:53
2 - 30% - 30% - 12:48
3 - 21% - 20% - 9:09
4 - 17% - 10% - 7:07
Normal Defense
1 - 41% - 40% - 17:44
2 - 32% - 30% - 13:39
3 - 22% - 20% - 9:15
4 - 5% - 10% - 2:19
PP Forward
1 - 55% - 60% - 1:06
2 - 45% - 40% - 0:53
PP Defense
1 - 71% - 60% - 1:24
2 - 29% - 40% - 0:35
PK Forward
1 - 77% - 60% - 10:19
2 - 23% - 40% - 3:01
PK Defense
1 - 61% - 60% - 8:11
2 - 39% - 40% - 5:09
PK3 Forward
1 - 100% - 60% - 1:44
2 - 0% - 40% - 0:00
PK3 Defense
1 - 63% - 60% - 1:06
2 - 37% - 40% - 0:38
44 Forward
1 - 0% - 60%
2 - 0% - 40%
44 Defense
1 - 0% - 60%
2 - 0% - 40%
Last Minute Offensive - 0:00
Last Minute Defensive - 0:00
Total
Forward - 60:00
Defense - 60:00
|
Play by Play
1st period
0:01 of 1st period - Nicklas Backstrom wins face-off versus Henrik Sedin in neutral zone.
0:26 of 1st period - Jason Demers is hit by Bryce Lampman and loses puck.
0:31 of 1st period - Slapshot by Travis Zajac.
0:31 of 1st period - Shot Misses the Net.
0:33 of 1st period - Slapshot by Jake Gardiner.
0:33 of 1st period - Stopped by Karri Ramo with a rebound.
1:20 of 1st period - Off-side.
1:21 of 1st period - Henrik Sedin wins face-off versus Nicklas Backstrom in neutral zone.
1:46 of 1st period - Jonathan Sigalet is hit by Joe Pavelski and loses puck.
2:12 of 1st period - Bryce Lampman is hit by Daniel Sedin and loses puck.
2:47 of 1st period - Steve McCarthy is hit by Jonathan Sigalet and loses puck.
3:06 of 1st period - Wrist shot by Joe Pavelski.
3:06 of 1st period - Stopped by Karri Ramo without a rebound.
3:07 of 1st period - Travis Zajac wins face-off versus Henrik Sedin in Bruins zone.
4:08 of 1st period - Slapshot by Joe Pavelski.
4:08 of 1st period - Goal by Joe Pavelski - Bruins : 0 - Blues : 1.
4:09 of 1st period - Sergei Shirokov wins face-off versus Henrik Sedin in neutral zone.
4:12 of 1st period - Victor Oreskovich is hit by Sergei Shirokov and loses puck.
4:57 of 1st period - Snap shot by Chris Kelly.
4:57 of 1st period - Stopped by Jeff Deslauriers with a rebound.
4:59 of 1st period - Slapshot by Jason Demers.
4:59 of 1st period - Shot Misses the Net.
5:01 of 1st period - Slapshot by Andrew Alberts.
5:01 of 1st period - Stopped by Jeff Deslauriers without a rebound.
5:02 of 1st period - Chris Kelly wins face-off versus Nicklas Backstrom in Blues zone.
5:03 of 1st period - Snap shot by Adam Pineault.
5:03 of 1st period - Shot Misses the Net.
6:02 of 1st period - Wrist shot by Chris Kelly.
6:02 of 1st period - Shot Misses the Net.
6:04 of 1st period - Snap shot by Andrew Alberts.
6:04 of 1st period - Stopped by Jeff Deslauriers without a rebound.
6:05 of 1st period - Henrik Sedin wins face-off versus Taylor Hall in Blues zone.
6:12 of 1st period - Snap shot by Henrik Sedin.
6:12 of 1st period - Stopped by Jeff Deslauriers with a rebound.
6:14 of 1st period - Wrist shot by Wojtek Wolski.
6:14 of 1st period - Shot Misses the Net.
6:16 of 1st period - Snap shot by Henrik Sedin.
6:16 of 1st period - Stopped by Jeff Deslauriers with a rebound.
6:18 of 1st period - Snap shot by Victor Oreskovich.
6:18 of 1st period - Shot Misses the Net.
6:20 of 1st period - Slapshot by Wojtek Wolski.
6:20 of 1st period - Stopped by Jeff Deslauriers with a rebound.
6:26 of 1st period - Minor Penalty to Taylor Hall for Hooking.
6:27 of 1st period - Nik Antropov wins face-off versus Henrik Sedin in Blues zone.
6:27 of 1st period - Nik Antropov is hit by Henrik Sedin.
6:39 of 1st period - Travis Hamonic is hit by Victor Oreskovich and loses puck.
6:52 of 1st period - Travis Hamonic is hit by Chris Kelly and loses puck.
7:33 of 1st period - Wrist shot by Taylor Pyatt.
7:33 of 1st period - Stopped by Karri Ramo with a rebound.
7:49 of 1st period - Snap shot by Nicklas Backstrom.
7:49 of 1st period - Deflect By David Perron.
7:49 of 1st period - Shot Misses the Net.
7:49 of 1st period - Puck is out of play.
7:50 of 1st period - Victor Oreskovich wins face-off versus Nicklas Backstrom in Bruins zone.
8:26 of 1st period - Penalty to Taylor Hall is over, Taylor Hall is back on ice.
8:51 of 1st period - Minor Penalty to Bryce Lampman for Tripping.
8:52 of 1st period - Henrik Sedin wins face-off versus Nik Antropov in Blues zone.
9:05 of 1st period - Snap shot by Henrik Sedin.
9:05 of 1st period - Shot Misses the Net.
9:07 of 1st period - Slapshot by Mark Stuart.
9:07 of 1st period - Shot Blocked by Travis Hamonic.
10:51 of 1st period - Penalty to Bryce Lampman is over, Bryce Lampman is back on ice.
11:53 of 1st period - Mark Stuart is hit by Paul Kariya and loses puck.
12:54 of 1st period - Snap shot by Kevin Porter.
12:54 of 1st period - Shot Blocked by Justin Falk.
12:56 of 1st period - Slapshot by Drew Fata.
12:56 of 1st period - Stopped by Karri Ramo with a rebound.
12:58 of 1st period - Slapshot by Drew Fata.
12:58 of 1st period - Stopped by Karri Ramo without a rebound.
12:59 of 1st period - Nicklas Backstrom wins face-off versus Chris Kelly in Bruins zone.
13:45 of 1st period - Off-side.
13:46 of 1st period - Victor Oreskovich wins face-off versus Kevin Porter in neutral zone.
13:53 of 1st period - Wrist shot by Henrik Sedin.
13:53 of 1st period - Shot Misses the Net.
14:19 of 1st period - Snap shot by Taylor Hall.
14:19 of 1st period - Stopped by Karri Ramo with a rebound.
14:21 of 1st period - Wrist shot by Sergei Shirokov.
14:21 of 1st period - Shot Misses the Net.
14:35 of 1st period - Wrist shot by Taylor Pyatt.
14:35 of 1st period - Shot Misses the Net.
14:37 of 1st period - Slapshot by Bryce Lampman.
14:37 of 1st period - Deflect By Chris Kelly.
14:37 of 1st period - Stopped by Karri Ramo with a rebound.
14:39 of 1st period - Slapshot by Bryce Lampman.
14:39 of 1st period - Deflect By Taylor Pyatt.
14:39 of 1st period - Stopped by Karri Ramo with a rebound.
15:09 of 1st period - Snap shot by Wojtek Wolski.
15:09 of 1st period - Shot Blocked by Alex Pietrangelo.
15:21 of 1st period - Wrist shot by Nicklas Backstrom.
15:21 of 1st period - Shot Blocked by Jason Demers.
15:23 of 1st period - Slapshot by Bryce Lampman.
15:23 of 1st period - Shot Blocked by Andrew Alberts.
15:27 of 1st period - Snap shot by Taylor Hall.
15:27 of 1st period - Stopped by Karri Ramo with a rebound.
16:43 of 1st period - Off-side.
16:44 of 1st period - Curtis Glencross wins face-off versus Nik Antropov in neutral zone.
16:57 of 1st period - Snap shot by Victor Oreskovich.
16:57 of 1st period - Stopped by Jeff Deslauriers without a rebound.
16:58 of 1st period - Nicklas Backstrom wins face-off versus Henrik Sedin in Blues zone.
17:27 of 1st period - Snap shot by Adam Pineault.
17:27 of 1st period - Stopped by Jeff Deslauriers with a rebound.
17:29 of 1st period - Wrist shot by Adam Pineault.
17:29 of 1st period - Shot Blocked by Travis Zajac.
17:31 of 1st period - Snap shot by Daniel Sedin.
17:31 of 1st period - Shot Misses the Net.
17:33 of 1st period - Slapshot by Justin Falk.
17:33 of 1st period - Stopped by Jeff Deslauriers without a rebound.
17:34 of 1st period - Matt Cooke wins face-off versus Nicklas Backstrom in Blues zone.
17:35 of 1st period - Wrist shot by Dave Bolland.
17:35 of 1st period - Shot Misses the Net.
17:37 of 1st period - Snap shot by Jason Demers.
17:37 of 1st period - Stopped by Jeff Deslauriers with a rebound.
17:39 of 1st period - Snap shot by Matt Cooke.
17:39 of 1st period - Stopped by Jeff Deslauriers with a rebound.
18:30 of 1st period - Chris Kelly is hit by Nik Antropov and loses puck.
19:45 of 1st period - Wojtek Wolski is hit by Darren Reid and loses puck.
Goals for this period are 0 for Bruins vs 1 for Blues.
Shots for this period are 11 for Bruins vs 10 for Blues.
2nd period
0:01 of 2nd period - Nicklas Backstrom wins face-off versus Henrik Sedin in neutral zone.
0:08 of 2nd period - Snap shot by Taylor Hall.
0:08 of 2nd period - Shot Blocked by Henrik Sedin.
0:26 of 2nd period - Travis Hamonic is hit by Matt Cooke and loses puck.
0:31 of 2nd period - Wrist shot by Dave Bolland.
0:31 of 2nd period - Stopped by Jeff Deslauriers with a rebound.
0:35 of 2nd period - Snap shot by Matt Cooke.
0:35 of 2nd period - Stopped by Jeff Deslauriers without a rebound.
0:36 of 2nd period - Travis Zajac wins face-off versus Henrik Sedin in Blues zone.
0:38 of 2nd period - Minor Penalty to Alex Pietrangelo for Hooking.
0:39 of 2nd period - Henrik Sedin wins face-off versus Nik Antropov in Blues zone.
1:32 of 2nd period - Steve McCarthy is hit by Adam Pineault and loses puck.
2:35 of 2nd period - Drew Fata is hit by Daniel Sedin and loses puck.
2:38 of 2nd period - Penalty to Alex Pietrangelo is over, Alex Pietrangelo is back on ice.
3:10 of 2nd period - Nate Prosser is hit by David Perron.
3:41 of 2nd period - Jonathan Sigalet is hit by Travis Hamonic and loses puck.
3:58 of 2nd period - Justin Falk is hit by Alex Pietrangelo and loses puck.
4:11 of 2nd period - Slapshot by Jake Gardiner.
4:11 of 2nd period - Stopped by Karri Ramo with a rebound.
4:37 of 2nd period - Adam Pineault is hit by Steve McCarthy and loses puck.
5:03 of 2nd period - Jason Demers is hit by Travis Hamonic and loses puck.
5:54 of 2nd period - Snap shot by Taylor Pyatt.
5:54 of 2nd period - Shot Misses the Net.
5:56 of 2nd period - Snap shot by Nik Antropov.
5:56 of 2nd period - Stopped by Karri Ramo with a rebound.
5:58 of 2nd period - Slapshot by Taylor Pyatt.
5:58 of 2nd period - Shot Misses the Net.
6:00 of 2nd period - Slapshot by Jake Gardiner.
6:00 of 2nd period - Stopped by Karri Ramo without a rebound.
6:01 of 2nd period - Nicklas Backstrom wins face-off versus Chris Kelly in Bruins zone.
6:08 of 2nd period - Wrist shot by Nicklas Backstrom.
6:08 of 2nd period - Stopped by Karri Ramo with a rebound.
6:24 of 2nd period - Minor Penalty to Matt Cooke for Hooking.
6:25 of 2nd period - Wojtek Wolski wins face-off versus Nicklas Backstrom in Bruins zone.
6:33 of 2nd period - Off-side.
6:34 of 2nd period - Wojtek Wolski wins face-off versus Nicklas Backstrom in neutral zone.
7:15 of 2nd period - Snap shot by Chris Kelly.
7:15 of 2nd period - Stopped by Jeff Deslauriers without a rebound.
7:16 of 2nd period - Travis Zajac wins face-off versus Chris Kelly in Blues zone.
7:23 of 2nd period - Snap shot by Travis Zajac.
7:23 of 2nd period - Stopped by Karri Ramo without a rebound.
7:24 of 2nd period - Wojtek Wolski wins face-off versus Joe Pavelski in Bruins zone.
7:39 of 2nd period - Slapshot by Nicklas Backstrom.
7:39 of 2nd period - Deflect By Joe Pavelski.
7:39 of 2nd period - Stopped by Karri Ramo with a rebound.
7:49 of 2nd period - Sergei Shirokov is hit by Jonathan Sigalet and loses puck.
8:24 of 2nd period - Penalty to Matt Cooke is over, Matt Cooke is back on ice.
8:41 of 2nd period - Minor Penalty to Nik Antropov for Hooking.
8:42 of 2nd period - Nicklas Backstrom wins face-off versus Henrik Sedin in Blues zone.
9:26 of 2nd period - Icing by Daniel Sedin.
9:27 of 2nd period - Chris Kelly wins face-off versus Kevin Porter in Bruins zone.
10:41 of 2nd period - Penalty to Nik Antropov is over, Nik Antropov is back on ice.
10:49 of 2nd period - Jake Gardiner is hit by Dave Bolland and loses puck.
11:28 of 2nd period - Snap shot by Jake Gardiner.
11:28 of 2nd period - Deflect By Nicklas Backstrom.
11:28 of 2nd period - Shot Misses the Net.
11:28 of 2nd period - Puck is out of play.
11:29 of 2nd period - Nicklas Backstrom wins face-off versus Chris Kelly in Bruins zone.
12:22 of 2nd period - Snap shot by Alex Pietrangelo.
12:22 of 2nd period - Shot Blocked by Andrew Alberts.
12:24 of 2nd period - Slapshot by Bryce Lampman.
12:24 of 2nd period - Deflect By Taylor Pyatt.
12:24 of 2nd period - Shot Misses the Net.
12:24 of 2nd period - Puck is out of play.
12:25 of 2nd period - Nicklas Backstrom wins face-off versus Chris Kelly in Bruins zone.
12:26 of 2nd period - Snap shot by Taylor Hall.
12:26 of 2nd period - Shot Misses the Net.
13:54 of 2nd period - Slapshot by Kevin Porter.
13:54 of 2nd period - Stopped by Karri Ramo with a rebound.
13:56 of 2nd period - Slapshot by Drew Fata.
13:56 of 2nd period - Shot Blocked by Jonathan Sigalet.
13:58 of 2nd period - Wrist shot by Tomas Kopecky.
13:58 of 2nd period - Shot Misses the Net.
14:00 of 2nd period - Slapshot by Drew Fata.
14:00 of 2nd period - Shot Blocked by Wojtek Wolski.
14:02 of 2nd period - Slapshot by Drew Fata.
14:02 of 2nd period - Deflect By Kevin Porter.
14:02 of 2nd period - Goal by Kevin Porter - Bruins : 0 - Blues : 2.
14:03 of 2nd period - Nicklas Backstrom wins face-off versus Chris Kelly in neutral zone.
14:16 of 2nd period - Andrew Alberts is hit by Nicklas Backstrom and loses puck.
14:29 of 2nd period - Travis Zajac is hit by Andrew Alberts and loses puck.
15:45 of 2nd period - Wrist shot by Travis Zajac.
15:45 of 2nd period - Stopped by Karri Ramo without a rebound.
15:46 of 2nd period - Taylor Hall wins face-off versus Henrik Sedin in Bruins zone.
15:52 of 2nd period - Icing by Andrew Alberts.
15:53 of 2nd period - Nicklas Backstrom wins face-off versus Henrik Sedin in Bruins zone.
16:02 of 2nd period - Wrist shot by Nicklas Backstrom.
16:02 of 2nd period - Stopped by Karri Ramo without a rebound.
16:03 of 2nd period - Taylor Hall wins face-off versus Chris Kelly in Bruins zone.
16:29 of 2nd period - Henrik Sedin is hit by Joe Pavelski and loses puck.
16:36 of 2nd period - Snap shot by David Perron.
16:36 of 2nd period - Shot Misses the Net.
17:29 of 2nd period - Slapshot by Jake Gardiner.
17:29 of 2nd period - Stopped by Karri Ramo with a rebound.
17:43 of 2nd period - Slapshot by Dave Bolland.
17:43 of 2nd period - Shot Misses the Net.
18:16 of 2nd period - Slapshot by Alex Pietrangelo.
18:16 of 2nd period - Stopped by Karri Ramo with a rebound.
18:18 of 2nd period - Slapshot by Bryce Lampman.
18:18 of 2nd period - Stopped by Karri Ramo without a rebound.
18:19 of 2nd period - Nicklas Backstrom wins face-off versus Henrik Sedin in Bruins zone.
18:46 of 2nd period - Snap shot by Daniel Sedin.
18:46 of 2nd period - Shot Blocked by Alex Pietrangelo.
18:48 of 2nd period - Wrist shot by Adam Pineault.
18:48 of 2nd period - Stopped by Jeff Deslauriers with a rebound.
18:50 of 2nd period - Slapshot by Adam Pineault.
18:50 of 2nd period - Goal by Adam Pineault - Bruins : 1 - Blues : 2.
18:51 of 2nd period - Henrik Sedin wins face-off versus Nicklas Backstrom in neutral zone.
19:49 of 2nd period - Snap shot by Dave Bolland.
19:49 of 2nd period - Shot Misses the Net.
19:51 of 2nd period - Slapshot by Mark Stuart.
19:51 of 2nd period - Deflect By Erik Condra.
19:51 of 2nd period - Stopped by Jeff Deslauriers with a rebound.
19:57 of 2nd period - Minor Penalty to Joe Pavelski for Holding.
19:58 of 2nd period - Nik Antropov wins face-off versus Henrik Sedin in Blues zone.
Goals for this period are 1 for Bruins vs 1 for Blues.
Shots for this period are 6 for Bruins vs 13 for Blues.
3rd period
0:01 of 3rd period - Henrik Sedin wins face-off versus Nik Antropov in neutral zone.
0:12 of 3rd period - Snap shot by Victor Oreskovich.
0:12 of 3rd period - Stopped by Jeff Deslauriers with a rebound.
0:14 of 3rd period - Wrist shot by Wojtek Wolski.
0:14 of 3rd period - Stopped by Jeff Deslauriers with a rebound.
0:22 of 3rd period - Minor Penalty to Nik Antropov for Hooking.
0:23 of 3rd period - Taylor Pyatt wins face-off versus Henrik Sedin in Blues zone.
0:32 of 3rd period - Slapshot by Drew Fata.
0:32 of 3rd period - Shot Misses the Net.
0:34 of 3rd period - Wrist shot by Taylor Pyatt.
0:34 of 3rd period - Stopped by Karri Ramo without a rebound.
0:35 of 3rd period - Victor Oreskovich wins face-off versus Taylor Pyatt in Bruins zone.
1:07 of 3rd period - Snap shot by Daniel Sedin.
1:07 of 3rd period - Stopped by Jeff Deslauriers with a rebound.
1:09 of 3rd period - Wrist shot by Jason Demers.
1:09 of 3rd period - Stopped by Jeff Deslauriers without a rebound.
1:10 of 3rd period - Henrik Sedin wins face-off versus Taylor Pyatt in Blues zone.
1:11 of 3rd period - Wrist shot by Wojtek Wolski.
1:11 of 3rd period - Stopped by Jeff Deslauriers with a rebound.
1:13 of 3rd period - Slapshot by Jonathan Sigalet.
1:13 of 3rd period - Shot Blocked by Jake Gardiner.
1:34 of 3rd period - Henrik Sedin is hit by Jake Gardiner.
1:57 of 3rd period - Penalty to Joe Pavelski is over, Joe Pavelski is back on ice.
2:01 of 3rd period - Snap shot by Wojtek Wolski.
2:01 of 3rd period - Stopped by Jeff Deslauriers with a rebound.
2:03 of 3rd period - Snap shot by Henrik Sedin.
2:03 of 3rd period - Shot Misses the Net.
2:05 of 3rd period - Slapshot by Jonathan Sigalet.
2:05 of 3rd period - Goal by Jonathan Sigalet - Bruins : 2 - Blues : 2.
2:06 of 3rd period - Nicklas Backstrom wins face-off versus Adam Pineault in neutral zone.
2:37 of 3rd period - Slapshot by Andrew Alberts.
2:37 of 3rd period - Deflect By Erik Condra.
2:37 of 3rd period - Stopped by Jeff Deslauriers with a rebound.
4:21 of 3rd period - Snap shot by Dave Bolland.
4:21 of 3rd period - Deflect By Matt Cooke.
4:21 of 3rd period - Stopped by Jeff Deslauriers with a rebound.
4:31 of 3rd period - Wojtek Wolski is hit by Sergei Shirokov and loses puck.
4:36 of 3rd period - Snap shot by Nicklas Backstrom.
4:36 of 3rd period - Goal by Nicklas Backstrom - Bruins : 2 - Blues : 3.
4:37 of 3rd period - Chris Kelly wins face-off versus Taylor Hall in neutral zone.
5:05 of 3rd period - Victor Oreskovich is hit by David Perron and loses puck.
5:10 of 3rd period - Slapshot by David Perron.
5:10 of 3rd period - Goal by David Perron - Bruins : 2 - Blues : 4.
5:11 of 3rd period - Henrik Sedin wins face-off versus Nicklas Backstrom in neutral zone.
5:26 of 3rd period - Wrist shot by Wojtek Wolski.
5:26 of 3rd period - Stopped by Jeff Deslauriers without a rebound.
5:27 of 3rd period - Travis Zajac wins face-off versus Adam Pineault in Blues zone.
5:27 of 3rd period - Travis Zajac is hit by Daniel Sedin.
6:03 of 3rd period - Wrist shot by Darren Reid.
6:03 of 3rd period - Shot Misses the Net.
6:13 of 3rd period - Slapshot by Andrew Alberts.
6:13 of 3rd period - Stopped by Jeff Deslauriers with a rebound.
6:15 of 3rd period - Snap shot by Daniel Sedin.
6:15 of 3rd period - Shot Blocked by Jake Gardiner.
6:17 of 3rd period - Wrist shot by Daniel Sedin.
6:17 of 3rd period - Stopped by Jeff Deslauriers with a rebound.
6:19 of 3rd period - Slapshot by Adam Pineault.
6:19 of 3rd period - Shot Misses the Net.
6:21 of 3rd period - Wrist shot by Chris Kelly.
6:21 of 3rd period - Shot Misses the Net.
6:45 of 3rd period - Wrist shot by Daniel Sedin.
6:45 of 3rd period - Stopped by Jeff Deslauriers with a rebound.
6:47 of 3rd period - Slapshot by Jason Demers.
6:47 of 3rd period - Deflect By Adam Pineault.
6:47 of 3rd period - Stopped by Jeff Deslauriers with a rebound.
6:49 of 3rd period - Snap shot by Adam Pineault.
6:49 of 3rd period - Stopped by Jeff Deslauriers with a rebound.
6:51 of 3rd period - Slapshot by Andrew Alberts.
6:51 of 3rd period - Shot Blocked by Travis Hamonic.
6:53 of 3rd period - Slapshot by Chris Kelly.
6:53 of 3rd period - Stopped by Jeff Deslauriers with a rebound.
7:03 of 3rd period - Slapshot by Adam Pineault.
7:03 of 3rd period - Stopped by Jeff Deslauriers without a rebound.
7:04 of 3rd period - Nicklas Backstrom wins face-off versus Henrik Sedin in Blues zone.
7:04 of 3rd period - Nicklas Backstrom is hit by Jonathan Sigalet.
8:05 of 3rd period - Icing by Drew Fata.
8:06 of 3rd period - Nicklas Backstrom wins face-off versus Dave Bolland in Blues zone.
8:06 of 3rd period - Nicklas Backstrom is hit by Erik Condra.
8:18 of 3rd period - Slapshot by Travis Zajac.
8:18 of 3rd period - Shot Blocked by Matt Cooke.
8:56 of 3rd period - Slapshot by Alex Pietrangelo.
8:56 of 3rd period - Shot Blocked by Wojtek Wolski.
9:10 of 3rd period - Dave Bolland is hit by Kevin Porter and loses puck.
11:25 of 3rd period - Snap shot by Paul Kariya.
11:25 of 3rd period - Stopped by Karri Ramo with a rebound.
11:27 of 3rd period - Wrist shot by Tomas Kopecky.
11:27 of 3rd period - Shot Blocked by Justin Falk.
12:03 of 3rd period - Wrist shot by Chris Kelly.
12:03 of 3rd period - Stopped by Jeff Deslauriers with a rebound.
12:24 of 3rd period - Off-side.
12:25 of 3rd period - Henrik Sedin wins face-off versus Nik Antropov in neutral zone.
12:32 of 3rd period - Snap shot by Henrik Sedin.
12:32 of 3rd period - Stopped by Jeff Deslauriers without a rebound.
12:33 of 3rd period - Nicklas Backstrom wins face-off versus Henrik Sedin in Blues zone.
13:00 of 3rd period - Daniel Sedin is hit by Travis Hamonic.
13:21 of 3rd period - Minor Penalty to Taylor Pyatt for Interference.
13:22 of 3rd period - Henrik Sedin wins face-off versus Nik Antropov in Blues zone.
13:30 of 3rd period - Snap shot by Wojtek Wolski.
13:30 of 3rd period - Stopped by Jeff Deslauriers without a rebound.
13:31 of 3rd period - Nik Antropov wins face-off versus Henrik Sedin in Blues zone.
13:42 of 3rd period - Slapshot by Jason Demers.
13:42 of 3rd period - Stopped by Jeff Deslauriers with a rebound.
14:11 of 3rd period - Wrist shot by Chris Kelly.
14:11 of 3rd period - Stopped by Jeff Deslauriers without a rebound.
14:12 of 3rd period - Nicklas Backstrom wins face-off versus Chris Kelly in Blues zone.
14:55 of 3rd period - Jonathan Sigalet is hit by Drew Fata and loses puck.
15:21 of 3rd period - Penalty to Taylor Pyatt is over, Taylor Pyatt is back on ice.
15:44 of 3rd period - Snap shot by Dave Bolland.
15:44 of 3rd period - Stopped by Jeff Deslauriers with a rebound.
15:46 of 3rd period - Slapshot by Andrew Alberts.
15:46 of 3rd period - Stopped by Jeff Deslauriers with a rebound.
15:52 of 3rd period - Wrist shot by Matt Cooke.
15:52 of 3rd period - Shot Blocked by Kevin Porter.
16:55 of 3rd period - Minor Penalty to Kevin Porter for Hooking.
16:56 of 3rd period - Henrik Sedin wins face-off versus Nik Antropov in Blues zone.
17:02 of 3rd period - Backhand shot by Victor Oreskovich.
17:02 of 3rd period - Stopped by Jeff Deslauriers without a rebound.
17:03 of 3rd period - Henrik Sedin wins face-off versus Nik Antropov in Blues zone.
17:34 of 3rd period - Slapshot by Daniel Sedin.
17:34 of 3rd period - Goal by Daniel Sedin - Bruins : 3 - Blues : 4.
17:35 of 3rd period - Nik Antropov wins face-off versus Henrik Sedin in neutral zone.
17:37 of 3rd period - Minor Penalty to Darren Reid for Hooking.
17:38 of 3rd period - Nik Antropov wins face-off versus Henrik Sedin in Blues zone.
18:57 of 3rd period - Steve McCarthy is hit by Chris Kelly and loses puck.
19:26 of 3rd period - Minor Penalty to Sergei Shirokov for Tripping.
19:27 of 3rd period - Nik Antropov wins face-off versus Chris Kelly in Blues zone.
19:37 of 3rd period - Penalty to Darren Reid is over, Darren Reid is back on ice.
19:40 of 3rd period - Bruins, Karri Ramo is pulled from the net.
19:40 of 3rd period - Slapshot by Mark Stuart.
19:40 of 3rd period - Shot Misses the Net.
Goals for this period are 2 for Bruins vs 2 for Blues.
Shots for this period are 26 for Bruins vs 4 for Blues.
Back to the Top